 Dungeon Crawl Stone Soup version 0.23-a0-396-g5214e5f (webtiles) character file.

31187 esc the Grappler (level 13, -16/110 HPs)
             Began as a Ghoul Monk on Nov 2, 2018.
             Was a High Priest of Hepliaklqana.
             Killed from afar by a salamander mystic (30 damage)
             ... with an orb of energy
             ... in a volcano.
             The game lasted 00:35:44 (12022 turns).

esc the Grappler (Ghoul Monk)                      Turns: 12022, Time: 00:35:45

Health: -16/110    AC: 11    Str: 20    XL:     13   Next: 56%
Magic:  0/12       EV: 23    Int: 10    God:    Hepliaklqana [*****.]
Gold:   429        SH:  7    Dex: 16    Spells: 10/12 levels left

rFire    + . .     SeeInvis .     - Unarmed
rCold    + . .     Gourm    .   i - +2 buckler
rNeg     + + +     Faith    .   l - +3 ring mail {rF+}
rPois    ∞         Spirit   +   a - +0 helmet
rElec    .         Reflect  .   F - +0 cloak
rCorr    .         Harm     .   (no gloves)
MR       .....                  (no boots)
Stlth    ++........             r - amulet of guardian spirit {Spirit}
HPRegen  0.00/turn              p - +6 ring of slaying
MPRegen  0.13/turn              (no ring)

@: brilliant, agile, rotting
A: rotting body, reduced essence, claws 1, carnivore, cold resistance 1,
negative energy resistance 3, inhibited regeneration, torment resistance,
unbreathing
a: Recall Ancestor, Ancestor Identity, Transference, Idealise, Renounce Religion


You were in a volcano.
You worshipped Hepliaklqana.
Hepliaklqana was extremely pleased with you.
You were not hungry.

You visited 3 branches of the dungeon, and saw 15 of its levels.
You also visited: Volcano.

You collected 429 gold pieces.

Inventory:

Missiles
 e - 27 poisoned needles
Armour
 a - a +0 helmet (worn)
   (You found it on level 9 of the Dungeon)
 i - a +2 buckler (worn)
   (You found it on level 1 of the Dungeon)
 l - a +3 ring mail of fire resistance (worn)
   (You took it off Joseph on level 9 of the Dungeon)
 D - a +2 robe of magic resistance
   (You took it off Psyche on level 8 of the Dungeon)
 F - a +0 cloak (worn)
   (You found it on level 9 of the Dungeon)
Jewellery
 g - an uncursed ring of protection from fire {unknown}
   (You found it on level 3 of the Lair of Beasts)
 p - a +6 ring of slaying (left claw)
   (You found it on level 7 of the Dungeon)
 r - an amulet of guardian spirit (around neck) {Spirit}
   (You took it off an orc wizard on level 5 of the Dungeon)
 z - an uncursed ring of magical power {MP+9}
   (You found it on level 8 of the Dungeon)
 B - an uncursed ring of fire {rF+, rC-}
   (You found it on level 8 of the Dungeon)
Wands
 f - a wand of random effects (36)
   (You found it on level 9 of the Dungeon)
 v - a wand of flame (30)
   (You found it on level 3 of the Dungeon)
 y - a wand of acid (5)
   (You found it on level 7 of the Dungeon)
Scrolls
 c - 2 scrolls of immolation {unknown}
 d - 2 scrolls of enchant armour {unknown}
 h - a scroll of random uselessness {unknown}
 j - 4 scrolls of remove curse
 k - 4 scrolls of fear
 o - 3 scrolls of fog {unknown}
 q - 3 scrolls of enchant weapon
 s - 7 scrolls of identify
 x - a scroll of magic mapping {!r}
 A - 2 scrolls of amnesia
 E - 3 scrolls of teleportation {unknown}
Potions
 m - a potion of magic {unknown}
 n - a potion of cancellation
 u - 2 potions of resistance
 w - 3 potions of flight
 C - 2 potions of brilliance
 H - a potion of agility
Miscellaneous
 I - a crystal ball of energy
   (You found it on level 1 of the Lair of Beasts)
Comestibles
 b - 21 rations


   Skills:
 + Level 13.7 Fighting
 + Level 4.0 Armour
 + Level 10.4 Dodging
 - Level 2.1 Stealth
 - Level 4.1 Shields
 + Level 13.8 Unarmed Combat


You had 10 spell levels left.
You knew the following spells:

 Your Spells              Type           Power        Failure   Level  Hunger
b - Blink                 Tloc           N/A          11%         2    ###....

Your spell library contained the following spells:

 Spells                   Type           Power        Failure   Level  Hunger
 Magic Dart               Conj           #...         7%          1    ##.....
 Summon Small Mammal      Summ           #...         7%          1    ##.....
 Call Imp                 Summ           #.......     11%         2    ###....
 Slow                     Hex            #.......     11%         2    ###....
 Call Canine Familiar     Summ           #.......     19%         3    ####...
 Conjure Flame            Conj/Fire      #.......     19%         3    ####...
 Mephitic Cloud           Conj/Pois/Air  #.......     19%         3    ####...
 Summon Guardian Golem    Hex/Summ       #.......     19%         3    ####...
 Summon Ice Beast         Ice/Summ       #.......     47%         4    #####..
 Summon Lightning Spire   Summ/Air       #.......     47%         4    #####..


Dungeon Overview and Level Annotations

Branches:
Dungeon (11/15)            Temple (1/1) D:7            Lair (3/6) D:9
  Swamp: Lair:2-4    Shoals: Lair:2-4     Snake: Lair:2-4    Spider: Lair:2-4
    Orc: D:9-12

Altars:
Ashenzari
Dithmenos
Elyvilon
Fedhas
Gozag
Hepliaklqana
Kikubaaqudgha
Makhleb
Nemelex Xobeh
Okawaru
Qazlal
Ru
Sif Muna
Trog
Uskayaw
Vehumet
Wu Jian
Xom
Yredelemnul
Zin
The Shining One

Annotations:
D:1 exclusion: gnoll
D:3 3 runed doors, SaintRoka's ghost, amateur OpTm
D:5 1 transporter, exclusion: Eustachio, Eustachio; melvinkitnick's ghost, novice GnWz
D:9 1 runed door, galech's ghost, novice DsFi
D:11 exclusion: hydra


Innate Abilities, Weirdness & Mutations

Your body is rotting away.
You thrive on raw meat.
You are immune to poison.
You have sharp fingernails.
You are carnivorous and can eat meat at any time.
Your flesh is cold resistant. (rC+)
You are immune to negative energy. (rN+++)
You do not regenerate when monsters are visible.
You are immune to unholy pain and torment.
You can survive without breathing.
Your life essence is reduced to manifest your ancestor. (-10% HP)


Message History

Eat a chunk of flesh {@w0}? (ye/n/q)
You eat the chunk of flesh {@w0}.
This raw flesh tastes great!
Sasquatch blocks the red draconian's attack.
Sasquatch hits the red draconian with a flail!
You regained 5 hp, and now have 58/103 hp.
Okay, then.
The red draconian breathes flames at you.
The searing blast hits Sasquatch.
Sasquatch resists.
The searing blast hits you! You resist.
Sasquatch closely misses the red draconian.
You take 11 damage, and have 47/103 hp.
You now have 2/11 mp.
The red draconian completely misses Sasquatch.
Sasquatch loses the glow of perfection.
Sasquatch hits the red draconian with a flail.
Sasquatch blocks the red draconian's attack.
Sasquatch hits the red draconian but does no damage.
The red draconian hits Sasquatch with a +1 flail of flaming.
Sasquatch barely misses the red draconian.
The red draconian breathes flames at you.
The searing blast hits Sasquatch.
Sasquatch appears unharmed.
The searing blast hits you! You resist.
* * * LOW HITPOINT WARNING * * *
Sasquatch hits the red draconian with a flail.
You take 20 damage, and have 27/103 hp.
You now have 1/11 mp.
Sasquatch blocks the red draconian's attack.
Sasquatch hits the red draconian with a flail!
It was a potion of flight.
You feel very buoyant.
You fly up into the air.
Sasquatch blocks the red draconian's attack.
It was a potion of brilliance.
You feel clever all of a sudden.
Sasquatch closely misses the red draconian.
The red draconian hits Sasquatch with a +1 flail of flaming!
It was a potion of agility.
You feel agile all of a sudden.
Sasquatch misses the red draconian.
It was a potion of experience.
You feel more experienced!
Your Armour skill gained 2 levels and is now at level 3!
Your Dodging skill increases to level 10!
You have reached level 13!
Sasquatch remembers more of his old skill.
The red draconian hits Sasquatch with a +1 flail of flaming.
The red draconian burns Sasquatch.
Sasquatch is destroyed!
You regained 2 hp, and now have 29/110 hp.
Okay, then.
Okay, then.
Okay, then.
Aim: a red draconian, wielding a +1 flail of flaming and wearing a +0 cloak The bolt of acid hits the red draconian.
The red draconian is splashed with acid.
The acid corrodes the red draconian!
Aim: a red draconian, wielding a +1 flail of flaming and wearing a +0 cloak The bolt of acid hits the red draconian.
The red draconian is splashed with acid.
Aim: a red draconian, wielding a +1 flail of flaming and wearing a +0 cloak The bolt of acid hits the red draconian.
The red draconian is splashed with acid.
A salamander mystic comes into view. It is wielding a +0 quarterstaff.
The red draconian hits you but does no damage.
The red draconian breathes flames at you.
The searing blast misses you.
The salamander mystic drinks a potion.
The salamander mystic suddenly seems more resistant.
Aim: a red draconian, wielding a +1 flail of flaming and wearing a +0 cloak
Okay, then.
Aim: a red draconian, wielding a +1 flail of flaming and wearing a +0 cloak The bolt of acid hits the red draconian.
The red draconian is splashed with acid.
The acid corrodes the red draconian!
You kill the red draconian!
Your Armour skill increases to level 4!
You are starting to lose your buoyancy.
You float gracefully downwards.
Okay, then.
Here: a salamander mystic, wielding a +0 quarterstaff and wearing a +0 robe The floor.
The salamander mystic points at you and mumbles some strange words.
The orb of energy hits you!
* * * LOW HITPOINT WARNING * * *
You take 21 damage, and have 14/110 hp.
You now have 2/12 mp.
Okay, then.
Okay, then.
Okay, then.
Okay, then.
Okay, then.
Sasquatch emerges from the mists of memory!
Sasquatch barely misses the salamander mystic.
The air gets thick with the scent of sulphur.
Sasquatch hits the salamander mystic with a flail.
Sasquatch is recalled.
You now have 1/12 mp.
Sasquatch hits the salamander mystic with a flail.
The salamander mystic gestures at you while chanting.
The orb of energy hits you!
You die...

#..≈≈§§≈§≈≈≈
#.R≈≈≈§§§≈≈≈
#.§§§§§§§≈§≈
#.§§§§§§≈≈§≈
##§N.≈§≈≈≈§§§§≈≈≈≈§
##.R§§≈≈§§≈≈≈≈≈≈§≈
#...≈≈§≈§§≈§§≈§§§..#
##..§≈§§§≈≈≈§§§§§.##
#.@.≈§≈§≈§≈≈§≈≈§.#∩
#....≈§§≈§≈≈≈≈§≈.##
###....§≈≈≈§§≈§≈≈.#
#.....≈≈≈≈§≈≈§§..#
###....§≈§§≈≈≈§§.#
#.....§§≈§≈≈≈....
###...§§§§.≈...##
#.....§≈....##
#.....≈....##


You could see the friendly Sasquatch the knight and a salamander mystic.

Vanquished Creatures
  A red draconian (Volcano)
  Josephine (D:11)
  2 salamanders (Volcano)
  A centaur zombie (D:10)
  An eye of devastation (D:11)
  3 black mambas
  3 spiny frogs
  Psyche (D:8)
  2 komodo dragons (Lair:2)
  A hornet (D:8)
  Prince Ribbit (D:9)
  4 blink frogs
  2 hippogriffs
  A wyvern (Lair:3)
  A spriggan (D:7)
  10 yaks
  2 fire bats (Volcano)
  2 basilisks (Lair:2)
  2 wraiths (D:11)
  7 water moccasins
  A black bear (D:8)
  8 porcupines
  5 orc warriors
  A sky beast (D:6)
  An ice beast (D:8)
  A phantom (D:5)
  5 ogres
  3 wolves (Lair:3)
  4 centaurs
  3 crocodiles
  2 big kobolds
  7 bullfrogs
  A wyvern zombie (D:8)
  4 scorpions
  4 wights (D:10)
  A howler monkey (D:9)
  3 lava snakes (Volcano)
  5 crimson imps
  2 hounds
  4 jellies
  7 orc wizards
  5 orc priests
  2 centaur skeletons
  Ijyb (D:3)
  An iguana (D:4)
  6 worker ants
  2 hound skeletons
  15 adders
  A howler monkey skeleton (D:6)
  3 oozes
  7 worms
  A dart slug (D:4)
  2 leopard geckos
  23 orcs
  9 bats
  8 giant cockroaches
  2 hobgoblins
  11 jackals
  15 kobolds
  A quokka (D:6)
  A frilled lizard (D:3)
  5 goblins
  A jackal skeleton (D:8)
  3 leopard gecko skeletons
  A leopard gecko zombie (D:3)
  A quokka skeleton (D:7)
  A quokka zombie (D:7)
  3 rats
251 creatures vanquished.

Vanquished Creatures (collateral kills)
  Joseph (D:9)
  A spiny frog (Lair:3)
  A komodo dragon (Lair:1)
  2 blink frogs
  2 hippogriffs
  3 yaks
  A vampire (D:11)
  A porcupine (Lair:3)
  A black bear (D:9)
  An ogre (D:9)
  A crocodile (D:11)
  A wight (D:10)
  2 howler monkeys (D:10)
  A crimson imp (D:7)
  2 lava snakes (Volcano)
  A jelly (D:8)
  An orc priest (D:11)
  A centaur skeleton (D:9)
  A worker ant zombie (D:10)
  2 orcs
  A kobold (D:11)
  A quokka (D:9)
29 creatures vanquished.

Vanquished Creatures (others)
  2 knights
  3 fungi
  9 plants
14 creatures vanquished.

Grand Total: 294 creatures vanquished

Notes
Turn   | Place    | Note
-------+----------+-------------------------------------------
     0 | D:1      | esc the Ghoul Monk began the quest for the Orb.
     0 | D:1      | Reached XP level 1. HP: 19/19 MP: 0/0
   107 | D:1      | Reached XP level 2. HP: 17/26 MP: 1/1
   429 | D:1      | Reached skill level 3 in Dodging
   864 | D:2      | esc: !lg * won recent gh oka x=avg(str),avg(int),avg(dex)
   864 | D:2      | beem: 62 games for * (won recent gh oka): avg(str)=29.87;
                  | avg(int)=9.23; avg(dex)=14.98
   864 | D:2      | Reached XP level 3. HP: 33/33 MP: 2/2
   935 | D:2      | Found a glowing golden altar of the Shining One.
  1083 | D:2      | Reached skill level 1 in Shields
  1085 | D:2      | Reached skill level 4 in Fighting
  1085 | D:2      | Reached skill level 4 in Unarmed Combat
  1276 | D:2      | Reached XP level 4. HP: 27/40 MP: 3/3
  1580 | D:3      | Found a runed gate.
  1581 | D:3      | Noticed SaintRoka's ghost (amateur OpTm)
  1582 | D:3      | Found a runed gate.
  1582 | D:3      | Found a runed gate.
  1787 | D:3      | Found a shimmering altar of Xom.
  1788 | D:3      | Noticed Ijyb
  1891 | D:3      | Killed Ijyb
  1891 | D:3      | Reached XP level 5. HP: 43/47 MP: 4/4
  2161 | D:4      | Reached skill level 2 in Shields
  2262 | D:4      | Reached XP level 6. HP: 34/55 MP: 5/5
  2298 | D:4      | Reached skill level 5 in Fighting
  2298 | D:4      | Reached skill level 5 in Unarmed Combat
  2661 | D:5      | Entered Level 5 of the Dungeon
  2663 | D:5      | Noticed a phantom
  2677 | D:4      | Reached skill level 3 in Shields
  2886 | D:5      | Found a transporter.
  2886 | D:5      | Noticed melvinkitnick's ghost (novice GnWz)
  3036 | D:5      | Reached XP level 7. HP: 47/59 MP: 6/6
  3506 | D:5      | Reached skill level 6 in Fighting
  3512 | D:5      | Reached skill level 6 in Unarmed Combat
  3571 | D:5      | Noticed Eustachio
  4055 | D:5      | Reached skill level 4 in Shields
  4344 | D:6      | Found a sparkling altar of Nemelex Xobeh.
  4355 | D:5      | Reached XP level 8. HP: 51/71 MP: 4/7
  4436 | D:6      | Found a radiant altar of Vehumet.
  4452 | D:6      | Found an ornate altar of the Wu Jian Council.
  4452 | D:6      | Found a sacrificial altar of Ru.
  4801 | D:6      | Reached skill level 7 in Fighting
  4801 | D:6      | Reached skill level 7 in Unarmed Combat
  5032 | D:6      | Noticed Sigmund
  5033 | D:6      | Noticed Sigmund
  5033 | D:6      | Sigmund changed into Sigmund the water moccasin
  5039 | D:6      | Killed Sigmund the water moccasin
  5039 | D:6      | Reached skill level 8 in Fighting
  5039 | D:6      | Reached skill level 8 in Unarmed Combat
  5065 | D:6      | Reached XP level 9. HP: 57/80 MP: 6/8
  5257 | D:7      | decent
  5582 | D:7      | Found a staircase to the Ecumenical Temple.
  5590 | Temple   | Entered the Ecumenical Temple
  5821 | Temple   | Became a worshipper of Hepliaklqana the Forgotten
  5821 | Temple   | Reached * piety under Hepliaklqana
  5821 | Temple   | Reached ** piety under Hepliaklqana
  5822 | Temple   | Remembered your ancestor Sasquatch as a knight
  6065 | D:7      | Found a sparkling altar of Nemelex Xobeh.
  6065 | D:7      | Found a bloodstained altar of Trog.
  6102 | D:7      | Reached skill level 4 in Dodging
  6266 | D:8      | Noticed a hornet
  6272 | D:8      | Killed a hornet
  6272 | D:8      | Reached skill level 9 in Fighting
  6272 | D:8      | Reached skill level 9 in Unarmed Combat
  6541 | D:8      | Noticed Psyche
  6547 | D:8      | Killed Psyche
  6547 | D:8      | Reached skill level 5 in Dodging
  6824 | D:8      | Reached XP level 10. HP: 76/82 MP: 7/9
  6955 | D:8      | Found a glowing silver altar of Zin.
  6955 | D:8      | Found a white marble altar of Elyvilon.
  6955 | D:8      | Found a glowing golden altar of the Shining One.
  7056 | D:8      | Found an ancient bone altar of Kikubaaqudgha.
  7065 | D:8      | Found a stormy altar of Qazlal.
  7066 | D:8      | Found an iron altar of Okawaru.
  7276 | D:9      | Reached skill level 10 in Fighting
  7276 | D:9      | Reached skill level 10 in Unarmed Combat
  7396 | D:9      | Found a staircase to the Lair.
  7562 | D:9      | Reached skill level 6 in Dodging
  7665 | D:9      | Found a runed door.
  7665 | D:9      | Noticed galech's ghost (novice DsFi)
  7675 | D:9      | Noticed Joseph
  7696 | D:9      | Killed Joseph
  7890 | D:9      | Learned a level 2 spell: Blink
  7990 | D:9      | Noticed Prince Ribbit
  8006 | D:9      | Killed Prince Ribbit
  8086 | D:9      | Reached skill level 7 in Dodging
  8206 | D:9      | Reached *** piety under Hepliaklqana
  8240 | D:9      | Reached skill level 11 in Fighting
  8240 | D:9      | Reached skill level 11 in Unarmed Combat
  8387 | D:10     | Entered Level 10 of the Dungeon
  8403 | D:10     | Reached XP level 11. HP: 91/91 MP: 10/10
  8855 | D:10     | Reached **** piety under Hepliaklqana
  9086 | D:11     | Noticed a two-headed ogre
  9090 | D:11     | a two-headed ogre changed into an eye of devastation
  9289 | D:11     | Noticed Josephine
  9302 | D:11     | Killed Josephine
  9502 | D:11     | Reached skill level 8 in Dodging
  9782 | D:11     | Noticed an eight-headed hydra
  9825 | Lair:1   | Entered Level 1 of the Lair of Beasts
  9885 | Lair:1   | Found a burning altar of Makhleb.
 10086 | Lair:1   | Reached skill level 12 in Unarmed Combat
 10111 | Lair:1   | Reached skill level 12 in Fighting
 10743 | Lair:2   | Reached XP level 12. HP: 69/101 MP: 8/11
 10817 | Lair:2   | Reached skill level 9 in Dodging
 11112 | Lair:2   | Reached ***** piety under Hepliaklqana
 11601 | Lair:3   | Reached skill level 13 in Unarmed Combat
 11750 | Lair:3   | Reached skill level 13 in Fighting
 11767 | Lair:3   | Found a dark tunnel.
 11776 | Volcano  | Entered a volcano
 11945 | Volcano  | Reached skill level 1 in Armour
 11951 | Volcano  | Noticed a red draconian
 11977 | Volcano  | Reached skill level 3 in Armour
 11977 | Volcano  | Reached skill level 10 in Dodging
 11977 | Volcano  | Reached XP level 13. HP: 29/110 MP: 1/12
 11992 | Volcano  | Killed a red draconian
 11992 | Volcano  | Reached skill level 4 in Armour
 12012 | Volcano  | HP: 14/110 [salamander mystic/orb of energy (21)]
 12022 | Volcano  | Killed from afar by a salamander mystic

Vault maps used:
D:1:      nzn_arrival_water_spiral
D:2:      tso_metal_star
D:3:      lemuel_round_altar, gammafunk_ghost_split, uniq_ijyb
D:4:      first_ration
D:5:      slow_altar_2, gammafunk_ghost_smash, uniq_eustachio
D:6:      gammafunk_temple_overflow_forgotten, basic_altar, uniq_sigmund
D:7:      gammafunk_temple_overflow_wave, minmay_temple_entry_statues_fountains,
          the_bakery
D:8:      good_gods_mini_temple, minitemple, uniq_psyche
D:9:      grunt_lair_entry_orc_guard_hut, ebering_ghost_funeral_grove,
          uniq_prince_ribbit1, uniq_joseph
D:11:     orc_0_dummy, uniq_josephine
Temple:   jpeg_temple_island
Lair:1:   basic_altar
Lair:2:   serial_bayou_shore_b
Lair:3:   minmay_shoals_entry_beasts, enter_volcano_1, grunt_megastairs_5
Volcano:  volcano_grotto

Skill      XL: |  1  2  3  4  5  6  7  8  9 10 11 12 13 |
---------------+----------------------------------------+-----
Dodging        | 3 5 7 8 10 | 10.4
Shields        | 1 2 3 4 |  4.1
Fighting       | 4 5 6 8 9 11 12 13 | 13.7
Unarmed Combat | 4 5 6 8 9 11 12 13 | 13.8
Armour         | 3 4 |  4.0
Stealth        | |  2.1

Action                   |  1- 3 |  4- 6 |  7- 9 | 10-12 | 13-15 || total
-------------------------+-------+-------+-------+-------+-------++-------
Melee: Unarmed           |   107 |   169 |   360 |   380 |       ||  1016
Invok: Ancestor Life: Kn |       |       |     1 |       |       ||     1
       Ancestor Identity |       |       |     1 |       |       ||     1
       Recall Ancestor   |       |       |       |     2 |     1 ||     3
       Idealise          |       |       |       |     1 |       ||     1
Evoke: Wand              |       |       |     4 |    10 |     4 ||    18
  Use: Scroll            |       |     6 |       |     3 |       ||     9
       Potion            |       |       |     2 |     4 |       ||     6
 Stab: Sleeping          |     5 |     2 |     2 |     5 |       ||    14
       Distracted        |       |       |     1 |     3 |       ||     4
  Eat: Chunk             |     4 |    14 |    49 |    47 |       ||   114
Armor: Robe              |    19 |    19 |    16 |    34 |       ||    88
       Ring mail         |       |       |       |     8 |     1 ||     9
Dodge: Dodged            |    60 |    73 |   133 |   153 |     1 ||   420
Block: Buckler           |    12 |    39 |    85 |    94 |       ||   230

Table legend:
 A = Non-vault XP
 B = Vault XP
 C = Vault XP percentage of total XP
 D = Non-vault monster count
 E = Vault monster count
 F = Vault count percentage of total count
                 A         B        C        D         E       F
            +---------+---------+-------+---------+---------+-------
      Total |   19731 |    6798 |  25.6 |     254 |      26 |   9.3
            +---------+---------+-------+---------+---------+-------
        D:1 |      26 |       0 |   0.0 |      11 |       0 |   0.0
        D:2 |      83 |       0 |   0.0 |      21 |       0 |   0.0
        D:3 |      61 |      36 |  37.1 |      16 |       1 |   5.9
        D:4 |     447 |       0 |   0.0 |      13 |       0 |   0.0
        D:5 |     546 |       0 |   0.0 |      30 |       0 |   0.0
        D:6 |    1045 |     157 |  13.1 |      22 |       1 |   4.3
        D:7 |     589 |     220 |  27.2 |       9 |       1 |  10.0
        D:8 |    1280 |     404 |  24.0 |      24 |       1 |   4.0
        D:9 |    2605 |    1404 |  35.0 |      24 |       7 |  22.6
       D:10 |    2013 |       0 |   0.0 |      25 |       0 |   0.0
       D:11 |    1273 |    1491 |  53.9 |      16 |       3 |  15.8
     Lair:1 |    2423 |       0 |   0.0 |       9 |       0 |   0.0
     Lair:2 |    4916 |       0 |   0.0 |      19 |       0 |   0.0
     Lair:3 |    2424 |     199 |   7.6 |      15 |       2 |  11.8
    Volcano |       0 |    2887 | 100.0 |       0 |      10 | 100.0
            +---------+---------+-------+---------+---------+-------

Vault maps used:
D:1:      nzn_arrival_water_spiral
D:2:      tso_metal_star
D:3:      lemuel_round_altar, gammafunk_ghost_split, uniq_ijyb
D:4:      first_ration
D:5:      slow_altar_2, gammafunk_ghost_smash, uniq_eustachio
D:6:      gammafunk_temple_overflow_forgotten, basic_altar, uniq_sigmund
D:7:      gammafunk_temple_overflow_wave, minmay_temple_entry_statues_fountains,
          the_bakery
D:8:      good_gods_mini_temple, minitemple, uniq_psyche
D:9:      grunt_lair_entry_orc_guard_hut, ebering_ghost_funeral_grove,
          uniq_prince_ribbit1, uniq_joseph
D:11:     orc_0_dummy, uniq_josephine
Temple:   jpeg_temple_island
Lair:1:   basic_altar
Lair:2:   serial_bayou_shore_b
Lair:3:   minmay_shoals_entry_beasts, enter_volcano_1, grunt_megastairs_5
Volcano:  volcano_grotto

Table legend:
 A = Turns spent in this place as a percentage of turns spent in the entire game.
 B = Non-inter-level travel turns spent in this place as a percentage of non-inter-level travel turns spent in the entire game.
 C = Inter-level travel turns spent in this place as a percentage of turns spent in this place.
 D = Turns resting spent in this place as a percentage of non-inter-level travel turns spent in this place.
 E = Turns spent auto-exploring this place as a percentage of non-inter-level travel turns spent in this place.
 F = Non-inter-level travel turns spent in this place divided by the number of levels of this place that you've seen.
                   A       B       C       D       E      F
               +-------+-------+-------+-------+-------+----------------------
         Total | 100.0 | 100.0 |   5.0 |  21.7 |  53.5 | 713.9
       Dungeon |  79.6 |  79.5 |   5.0 |  26.9 |  49.3 | 825.7
        Temple |   2.2 |   1.9 |  18.5 |   0.0 |  90.1 | 212.0
          Lair |  16.2 |  16.5 |   3.6 |   0.0 |  76.3 | 627.0
       Volcano |   2.0 |   2.2 |   0.0 |  11.0 |   0.0 | 246.0
               +-------+-------+-------+-------+-------+----------------------

Table legend:
 A = Kills in this place as a percentage of kills in entire the game.
 B = Kills by you in this place as a percentage of kills by you in the entire game.
 C = Kills by friends in this place as a percentage of kills by friends in the entire game.
 D = Other kills in this place as a percentage of other kills in the entire game.
 E = Experience gained in this place as a percentage of experience gained in the entire game.
 F = Experience gained in this place divided by the number of levels of this place that you have seen.
                   A       B       C       D       E      F
               +-------+-------+-------+-------+-------+----------------------
         Total | 100.0 | 100.0 | 100.0 |   N/A | 100.0 | 1658.1
       Dungeon |  80.4 |  82.5 |  62.1 |   N/A |  51.6 | 1243.6
          Lair |  16.1 |  14.3 |  31.0 |   N/A |  37.6 | 3320.7
       Volcano |   3.6 |   3.2 |   6.9 |   N/A |  10.9 | 2887.0
               +-------+-------+-------+-------+-------+----------------------
